[Event "Titled Tuesday Blitz April 4 Early 2023"]
[White "Maksimovic, Bojan"]
[Black "TheKnightOfBosnia"]
[WhiteFideId "14408120"]
[WhiteElo "2468"]
[BlackElo "2495"]
[Result "1-0"]
[Round "02"]
[TimeControl "180+2"]
[Date "2023.04.04"]
[WhiteClock "0:00:19"]
[BlackClock "0:00:12"]

1. Nf3 Nf6 2. g3 b6 3. Bg2 Bb7 4. O-O g6 5. d3 Bg7 6. Nbd2 O-O 7. e4 d6 8. Re1 Nbd7 9. c3 c5 10. a3 e6 11. b4 a6 12. Bb2 Rc8 13. Qe2 Qc7 14. h4 Rfe8 15. Rac1 Qb8 16. c4 e5 17. Nh2 Nf8 18. Bh3 Rcd8 19. Qf1 Bc8 20. Rb1 Qc7 21. Bc3 Bxh3 22. Qxh3 Ne6 23. Nhf1 h5 24. Ne3 Bh6 25. Qf1 Nd4 26. Kg2 Ng4 27. Nxg4 hxg4 28. Bxd4 Bxd2 29. Re2 Bxb4 30. Be3 Bc3 31. Bg5 Rb8 32. f3 f6 33. Be3 gxf3+ 34. Qxf3 Kg7 35. Rf1 Rf8 36. h5 Qf7 37. Qg4 Rh8 38. h6+ Kh7 39. Ref2 f5 40. exf5 Qb7+ 41. Kg1 1-0


[Site "https://www.chess.com"]

[Event "Titled Tuesday Blitz April 4 Early 2023"]
[White "Dehtiarov, Roman"]
[Black "Dudzinski, Pawel"]
[WhiteFideId "14186640"]
[BlackFideId "1117890"]
[WhiteElo "2189"]
[BlackElo "2099"]
[Result "1-0"]
[Round "02"]
[TimeControl "180+2"]
[Date "2023.04.04"]
[WhiteClock "0:01:28"]
[BlackClock "0:00:03"]

1. d4 d5 2. c4 c6 3. Nc3 e6 4. cxd5 cxd5 5. Nf3 f5 6. g3 Nc6 7. Bg2 Nf6 8. O-O Be7 9. a3 O-O 10. b4 Bd7 11. Bf4 Rc8 12. Rc1 Ne4 13. h4 Bf6 14. Nb5 a6 15. Nd6 Nxd6 16. Bxd6 Be7 17. Bf4 Be8 18. Qd2 Bh5 19. Rc3 Bxf3 20. Bxf3 Bf6 21. e3 h6 22. Rfc1 g5 23. hxg5 hxg5 24. Be5 Bxe5 25. dxe5 Nxe5 26. Be2 Rxc3 27. Qxc3 Qd6 28. f4 Nc6 29. Kf2 d4 30. exd4 Qxd4+ 31. Qxd4 Nxd4 32. fxg5 Nxe2 33. Kxe2 e5 34. Rc5 e4 35. Ke3 Kg7 36. Kf4 Rf7 37. Re5 Kg6 38. Re6+ Kg7 39. a4 Kg8 40. g6 Rf8 41. Re7 b5 42. a5 Rc8 43. Kxf5 Rc3 44. g4 e3 45. Kg5 Rc4 46. Kh6 Kf8 47. g7+ Kxe7 48. g8=Q Rxb4 49. Qg7+ Kd6 50. Qf8+ Kd5 51. Qxb4 e2 52. Qd2+ Kc4 53. Qxe2+ 1-0


[Site "https://www.chess.com"]

[Event "Titled Tuesday Blitz April 4 Early 2023"]
[White "Remizov, Yaroslav"]
[Black "Lach, Aleksandra"]
[WhiteFideId "34134015"]
[BlackFideId "1134299"]
[WhiteElo "2412"]
[BlackElo "2111"]
[Result "1-0"]
[Round "02"]
[TimeControl "180+2"]
[Date "2023.04.04"]
[WhiteClock "0:00:13"]
[BlackClock "0:00:13"]

1. e4 c5 2. Nc3 g6 3. d4 cxd4 4. Qxd4 Nf6 5. Nf3 Nc6 6. Qa4 d6 7. e5 dxe5 8. Nxe5 Bd7 9. Nxd7 Qxd7 10. Be3 Bg7 11. g3 O-O 12. Rd1 Qc8 13. Bg2 a6 14. O-O Qe6 15. Rfe1 Rac8 16. Bc5 Qf5 17. Bxe7 Nxe7 18. Rxe7 Ng4 19. Ne4 b5 20. Qb3 Rce8 21. Rxe8 Rxe8 22. h3 Ne5 23. Nd6 Qd7 24. Rd5 Rf8 25. Nxb5 Qe7 26. Nc3 h5 27. Rd1 h4 28. Nd5 Qd8 29. g4 Kh7 30. f4 Nc6 31. g5 Nd4 32. Qc4 Qe8 33. c3 Nf5 34. Qxa6 Kh8 35. Qd3 Ng3 36. Qf3 Qb5 37. Qg4 Kg8 38. Ne7+ Kh8 39. Qxh4+ Nh5 40. Qf2 Qa4 41. b3 Qxf4 42. Qxf4 Nxf4 43. c4 Ne2+ 44. Kf2 Nc3 45. Rd2 Re8 46. Nd5 Nb1 47. Re2 Ra8 48. c5 Bd4+ 49. Kf3 Bxc5 50. Nf6 Kg7 51. Kg4 Nc3 52. Re8 Rxe8 53. Nxe8+ Kf8 54. Nf6 Nxa2 55. Nd7+ Ke7 56. Nxc5 Nc1 57. b4 Ne2 58. b5 Nd4 59. b6 Kd6 60. b7 Kc7 61. Na6+ 1-0


[Site "https://www.chess.com"]

[Event "Titled Tuesday Blitz April 4 Early 2023"]
[White "Shvedova, Alexandra"]
[Black "Salimova, Nurgyul"]
[WhiteFideId "54154782"]
[BlackFideId "2915138"]
[WhiteElo "2057"]
[BlackElo "2314"]
[Result "1-0"]
[Round "02"]
[TimeControl "180+2"]
[Date "2023.04.04"]
[WhiteClock "0:01:23"]
[BlackClock "0:01:47"]

1. d4 Nf6 2. Nf3 d5 3. c4 e6 4. g3 dxc4 5. Bg2 a6 6. Ne5 Bb4+ 7. Nc3 O-O 8. Nxc4 Nc6 9. e3 e5 10. d5 b5 11. O-O bxc4 12. dxc6 Bf5 13. e4 Bxc3 14. exf5 Bd4 15. Qc2 1-0


[Site "https://www.chess.com"]

[Event "Titled Tuesday Blitz April 4 Early 2023"]
[White "Vivas Zamora, Fabian Ernesto"]
[Black "Csonka, Balazs"]
[WhiteFideId "3902480"]
[BlackFideId "742910"]
[WhiteElo "2262"]
[BlackElo "2404"]
[Result "0-1"]
[Round "02"]
[TimeControl "180+2"]
[Date "2023.04.04"]
[WhiteClock "0:00:01"]
[BlackClock "0:00:05"]

1. e4 e5 2. Nf3 Nc6 3. Bc4 Nf6 4. d3 Bc5 5. c3 O-O 6. O-O d6 7. h3 a6 8. a4 Ne7 9. d4 Ba7 10. Re1 Ng6 11. Bg5 h6 12. Be3 Qe7 13. Nbd2 Nh7 14. dxe5 Bxe3 15. Rxe3 dxe5 16. Nf1 Bd7 17. Qb3 Rab8 18. Ng3 Ng5 19. Nf5 Qf6 20. Nxg5 hxg5 21. Rf3 Nf4 22. Ne3 Qh6 23. Rd1 Bc6 24. Ng4 Qh5 25. Bd5 Bxd5 26. exd5 f6 27. d6+ Kh8 28. dxc7 Rbc8 29. Qxb7 Qf7 30. Ne3 Rxc7 31. Qe4 Rb8 0-1


[Site "https://www.chess.com"]

[Event "Titled Tuesday Blitz April 4 Early 2023"]
[White "Beerdsen, Thomas"]
[Black "Bas Mas, Jose Joaquin"]
[WhiteFideId "1030108"]
[BlackFideId "22219064"]
[WhiteElo "2547"]
[BlackElo "2233"]
[Result "0-1"]
[Round "02"]
[TimeControl "180+2"]
[Date "2023.04.04"]
[WhiteClock "0:01:37"]
[BlackClock "0:00:10"]

1. e4 e6 2. c4 d5 3. cxd5 exd5 4. Qb3 dxe4 5. Bc4 Qe7 6. Nc3 Nf6 7. d3 exd3+ 8. Kf1 Nc6 9. Bg5 h6 10. Re1 hxg5 11. Bxf7+ Kd8 12. Rxe7 Bxe7 13. Nf3 g4 14. Ng5 a5 15. Nb5 Bf5 16. Be6 a4 17. Qc4 d2 18. Ke2 Bxe6 19. Nxe6+ Kd7 20. Rd1 Bd6 21. Kf1 Rxh2 22. Nxd6 Rh1+ 23. Ke2 Rxd1 24. Nc5+ Kxd6 25. Nxb7+ Kd7 26. Kxd1 Re8 27. Qxa4 Ne4 28. f3 gxf3 29. gxf3 Nf2+ 30. Kxd2 Re5 31. b4 Rd5+ 32. Ke2 Nd1 33. Nc5+ Kd6 34. Ne4+ Kd7 35. a3 g5 36. Qb3 Nd4+ 37. Kxd1 Nxb3+ 38. Kc2 Nd4+ 39. Kc3 Nxf3 40. Nf6+ Ke6 41. Nxd5 Kxd5 42. a4 Nd4 43. a5 Nb5+ 44. Kd3 c6 45. a6 g4 46. Ke3 Kc4 47. a7 Nxa7 0-1


[Site "https://www.chess.com"]

[Event "Titled Tuesday Blitz April 4 Early 2023"]
[White "Kubatko, Ivan"]
[Black "Szabo, Marcell"]
[WhiteFideId "24111473"]
[BlackFideId "2072033"]
[WhiteElo "2285"]
[BlackElo "1795"]
[Result "1-0"]
[Round "02"]
[TimeControl "180+2"]
[Date "2023.04.04"]
[WhiteClock "0:00:14"]
[BlackClock "0:01:00"]

1. e4 c6 2. d4 d5 3. exd5 cxd5 4. c4 Nf6 5. Nc3 g6 6. cxd5 Nxd5 7. Qb3 Nxc3 8. Bc4 e6 9. bxc3 Nc6 10. Nf3 Bd7 11. Bd3 Qb6 12. O-O Qxb3 13. axb3 a6 14. b4 Bd6 15. b5 Na7 16. bxa6 b5 17. Ba3 Ke7 18. Ne5 Rhf8 19. Rfb1 Rab8 20. Kf1 f6 21. Nxd7 Kxd7 22. Bxd6 Kxd6 23. Ra5 Rfc8 24. Rb3 e5 25. dxe5+ fxe5 26. Bxb5 Rc5 27. c4 e4 28. Ra1 Ke5 29. Ke2 Nc6 30. a7 Nd4+ 31. Kd1 Ra8 32. Rba3 Nxb5 33. cxb5 Rxb5 34. Ra5 Rxa5 35. Rxa5+ Kd4 36. Ke2 h6 37. h4 g5 38. h5 g4 39. g3 Kc4 40. Ke3 Kb4 41. Ra1 Kc5 42. Kxe4 Kd6 43. Kf5 Ke7 44. Kg6 Ke6 45. Kxh6 Kf5 46. Ra5+ Kf6 47. Ra6+ Kf7 48. Kg5 Rg8+ 49. Kh4 Ra8 50. Kxg4 Kg7 51. Kg5 Kh7 52. g4 Rg8+ 53. Kh4 Ra8 54. g5 Kg7 55. f4 Kh7 56. f5 Kg7 57. Kg4 Kh7 58. h6 Kg8 59. Kh5 Kf7 60. g6+ Kg8 61. f6 Kf8 62. h7 Ke8 63. h8=Q+ Kd7 64. Qxa8 Kc7 65. Qb8+ Kd7 66. Rd6# 1-0


[Site "https://www.chess.com"]

[Event "Titled Tuesday Blitz April 4 Early 2023"]
[White "Perez Rodriguez, Jennifer"]
[Black "Srinath, Rao S.V."]
[WhiteFideId "3507831"]
[BlackFideId "5028876"]
[WhiteElo "2116"]
[BlackElo "2196"]
[Result "0-1"]
[Round "02"]
[TimeControl "180+2"]
[Date "2023.04.04"]
[WhiteClock "0:01:48"]
[BlackClock "0:00:55"]

1. e4 c6 2. Nc3 d5 3. Nf3 dxe4 4. Nxe4 Nf6 5. Qe2 Nxe4 6. Qxe4 Nd7 7. Bc4 Nf6 8. Ne5 e6 9. Qe2 Qc7 10. d4 Bd6 11. Bf4 b5 12. Bb3 O-O 13. O-O a6 14. Rad1 Nd5 15. Bg3 Bb7 16. c3 Rae8 17. Bc2 f5 18. f4 c5 19. Bf2 Nxf4 20. Qe3 Bxe5 21. Qxe5 Qc6 22. d5 Nxd5 23. Qg3 Nf6 24. Rfe1 Nh5 0-1


[Site "https://www.chess.com"]

[Event "Titled Tuesday Blitz April 4 Early 2023"]
[White "Demin, Vladimir"]
[Black "Topalov, Aleksandar"]
[WhiteFideId "4167457"]
[BlackFideId "925659"]
[WhiteElo "2553"]
[BlackElo "2151"]
[Result "0-1"]
[Round "02"]
[TimeControl "180+2"]
[Date "2023.04.04"]
[WhiteClock "0:00:02"]
[BlackClock "0:00:05"]

1. e4 e6 2. d4 d5 3. Bd3 dxe4 4. Bxe4 Nf6 5. Bf3 c5 6. Ne2 Nc6 7. Be3 e5 8. Bxc6+ bxc6 9. dxe5 Qxd1+ 10. Kxd1 Ng4 11. Nd2 Bf5 12. Ng3 Nxe3+ 13. fxe3 Bg6 14. h4 h6 15. h5 Bh7 16. c4 O-O-O 17. Ke2 Be7 18. Nde4 Rhe8 19. Rad1 Kc7 20. Rhf1 Rxd1 21. Kxd1 Rf8 22. Ke2 Kd7 23. Rd1+ Ke6 24. Rd3 Rb8 25. b3 a5 26. Rd2 a4 27. bxa4 Rb4 28. Nd6 Rxa4 29. Nge4 Kxe5 30. Nxc5 Ra3 31. Ncb7 Bg5 32. Nxf7+ Kf6 33. Nxg5 Kxg5 34. Nd6 Kxh5 35. c5 Kg5 36. Kf3 Bg6 37. Ne4+ Kf5 38. Nf2 Ke5 39. g4 Ra5 40. Rd6 Bf7 41. Rd7 Bd5+ 42. e4 Ra3+ 43. Ke2 Rxa2+ 44. Kf1 Ra1+ 45. Kg2 Be6 46. Re7 Ra2 47. Rxg7 Bc4 48. Rg6 Kf4 49. Rf6+ Ke5 50. Rxc6 Bd3 51. Rxh6 Bxe4+ 52. Kf1 Ra1+ 53. Ke2 Ra2+ 54. Ke3 Ra3+ 55. Ke2 Ra2+ 56. Ke1 Ra1+ 57. Nd1 Bc2 58. Rd6 Rc1 59. Rd2 Bxd1 60. Rxd1 Rxc5 61. Kf2 Rc3 0-1


[Site "https://www.chess.com"]

[Event "Titled Tuesday Blitz April 4 Early 2023"]
[White "Ibadov, Dashgyn"]
[Black "Levine, David"]
[WhiteFideId "24107514"]
[BlackFideId "2011611"]
[WhiteElo "2208"]
[BlackElo "2094"]
[Result "1-0"]
[Round "02"]
[TimeControl "180+2"]
[Date "2023.04.04"]
[WhiteClock "0:00:09"]
[BlackClock "0:00:03"]

1. e4 e5 2. Nf3 Nc6 3. d4 exd4 4. Nxd4 Nf6 5. Nc3 Bb4 6. Nxc6 bxc6 7. Bd3 d5 8. exd5 cxd5 9. O-O O-O 10. Qf3 c6 11. Bg5 Bd6 12. Rad1 Rb8 13. b3 Be5 14. Ne2 Qd6 15. h3 a5 16. Ng3 a4 17. Nf5 Bxf5 18. Qxf5 g6 19. Qf3 Nd7 20. Rfe1 Rfe8 21. h4 axb3 22. axb3 Nc5 23. h5 Nxd3 24. Qxd3 Bf4 25. Bxf4 Qxf4 26. g3 Qg5 27. hxg6 hxg6 28. Kg2 Kg7 29. Ra1 Qf6 30. Rxe8 Rxe8 31. Ra6 Re6 32. Ra4 Qe5 33. Rf4 c5 34. c3 f5 35. b4 Kf6 36. bxc5 g5 37. Rb4 Rc6 38. Qd4 Ke6 39. Rb6 Rxb6 40. Qxe5+ Kxe5 41. cxb6 Kd6 42. Kf3 Kc6 43. Ke3 Kxb6 44. Kd4 Kc6 45. Ke5 Kc5 46. Kxf5 Kc4 47. Ke5 Kxc3 48. Kxd5 g4 49. Ke4 Kd2 50. Kf4 Ke2 51. Kxg4 Kxf2 52. Kf4 Kg2 53. g4 1-0


[Site "https://www.chess.com"]

[Event "Titled Tuesday Blitz April 4 Early 2023"]
[White "Vakhlamov, Igor L."]
[Black "Mikhaylova, Irina"]
[WhiteFideId "24126748"]
[BlackFideId "4109040"]
[WhiteElo "2400"]
[BlackElo "1975"]
[Result "1-0"]
[Round "02"]
[TimeControl "180+2"]
[Date "2023.04.04"]
[WhiteClock "0:00:10"]
[BlackClock "0:00:18"]

1. e4 c5 2. Nf3 Nc6 3. Nc3 d6 4. Bb5 Bd7 5. Bxc6 Bxc6 6. d4 cxd4 7. Qxd4 e5 8. Qd3 h6 9. O-O Nf6 10. Rd1 Be7 11. Nh4 Bd7 12. a4 a6 13. b3 O-O 14. Ba3 Rc8 15. Rac1 Rc6 16. Nf3 Qc7 17. Nd5 Nxd5 18. exd5 Rc3 19. Qe2 Bg4 20. Bb4 Bxf3 21. gxf3 Bg5 22. Bxc3 Qxc3 23. Rd3 Qb2 24. Re1 Rc8 25. c4 Qa3 26. Qe4 Qc5 27. Kg2 g6 28. h4 f5 29. Qe2 Bf4 30. Rg1 Kf7 31. Kf1 Qc7 32. Rd1 Rg8 33. Qd3 Qe7 34. Rh1 a5 35. Ke2 b6 36. Rdg1 Qc7 37. Rg2 Qe7 38. Kd1 Qf6 39. Kc2 Re8 40. Kb1 e4 41. fxe4 Rxe4 42. Rhg1 Qe5 43. f3 Re1+ 44. Rxe1 Qxe1+ 45. Ka2 Qa1+ 46. Kxa1 Be5+ 47. Kb1 Kf6 48. h5 g5 49. Qe3 Kf7 50. Qxb6 Kf6 51. Re2 g4 52. c5 gxf3 53. Rxe5 Kxe5 54. Qxd6+ Ke4 55. Qe6+ Kd3 56. Qxf5+ 1-0


[Site "https://www.chess.com"]

[Event "Titled Tuesday Blitz April 4 Early 2023"]
[White "Goltsev, Dmitry"]
[Black "Melikhov, Evgeny V."]
[WhiteFideId "24176710"]
[BlackFideId "4122046"]
[WhiteElo "2336"]
[BlackElo "2158"]
[Result "1-0"]
[Round "02"]
[TimeControl "180+2"]
[Date "2023.04.04"]
[WhiteClock "0:01:58"]
[BlackClock "0:01:12"]

1. e4 e5 2. Nf3 Nc6 3. Bb5 a6 4. Ba4 Nf6 5. O-O Nxe4 6. Re1 Nc5 7. Bxc6 dxc6 8. Nxe5 Be7 9. d4 Ne6 10. c3 O-O 11. Nd2 c5 12. Ndf3 cxd4 13. cxd4 c6 14. Be3 f6 15. Nd3 Nc7 16. Nf4 Nd5 17. Qb3 Kh8 18. Rac1 Nxe3 19. Rxe3 Bd6 20. Ne6 Bxe6 21. Rxe6 Qd7 22. Rce1 b5 23. Qe3 Bb4 24. Re2 Rad8 25. a3 Ba5 26. Re7 Qd6 27. Qe4 Bb6 28. Re6 Qd5 29. Rxc6 Bxd4 30. Qxd5 Rxd5 31. Rd2 1-0


[Site "https://www.chess.com"]

[Event "Titled Tuesday Blitz April 4 Early 2023"]
[White "Zemlyanskii, Ivan"]
[Black "Kopczynski, Michal"]
[WhiteFideId "24249971"]
[BlackFideId "1124200"]
[WhiteElo "2419"]
[BlackElo "2212"]
[Result "1-0"]
[Round "02"]
[TimeControl "180+2"]
[Date "2023.04.04"]
[WhiteClock "0:01:37"]
[BlackClock "0:01:10"]

1. d4 Nf6 2. c4 g6 3. h4 Bg7 4. Nc3 d6 5. e4 O-O 6. Be2 e5 7. d5 h5 8. Bg5 Qd7 9. Nh3 Nh7 10. Be3 c5 11. Qd2 Na6 12. Bh6 f6 13. O-O-O Nc7 14. Rdg1 Bxh6 15. Qxh6 Qg7 16. Qd2 b5 17. cxb5 a6 18. b6 Nb5 19. g4 hxg4 20. Bxg4 Bxg4 21. Rxg4 f5 22. exf5 Rxf5 23. Rhg1 Nf8 24. Ng5 Nd4 25. Ne6 Qf7 26. Nxf8 Kxf8 27. Rxg6 Rxf2 28. Qh6+ Ke7 29. Rg7 1-0


[Site "https://www.chess.com"]

[Event "Titled Tuesday Blitz April 4 Early 2023"]
[White "Salgado Lopez, Ivan"]
[Black "Hoffmann, Asa"]
[WhiteFideId "2257327"]
[BlackFideId "2001470"]
[WhiteElo "2571"]
[BlackElo "2117"]
[Result "1-0"]
[Round "02"]
[TimeControl "180+2"]
[Date "2023.04.04"]
[WhiteClock "0:00:46"]
[BlackClock "0:00:13"]

1. e4 d6 2. d4 Nf6 3. Nc3 c6 4. f4 Qa5 5. Bd2 e5 6. Nf3 Bg4 7. fxe5 dxe5 8. dxe5 Nfd7 9. h3 Bxf3 10. gxf3 Nxe5 11. f4 Ng6 12. Qf3 Nd7 13. O-O-O Qc7 14. e5 Bb4 15. Kb1 O-O-O 16. Nd5 cxd5 17. Bxb4 Nb6 18. h4 Rhe8 19. Rg1 Kb8 20. h5 Ne7 21. Rxg7 Nf5 22. Rg5 Ne7 23. Bb5 Nc6 24. Bd6 Rxd6 25. exd6 Qxd6 26. a3 a6 27. Bxc6 Qxc6 28. Re5 Rc8 29. Qd3 f6 30. Re7 Rd8 31. Rxh7 Nc4 32. Qd4 Qb5 33. Re1 Rc8 34. Ka2 Nxa3 35. bxa3 Rxc2+ 36. Ka1 Qa5 37. Re8+ Rc8 38. Rxc8+ Kxc8 39. Qb4 Qc7 40. Rxc7+ 1-0


[Site "https://www.chess.com"]

[Event "Titled Tuesday Blitz April 4 Early 2023"]
[White "Rohith Krishna S"]
[Black "ArtemDyachuk"]
[WhiteFideId "46617051"]
[WhiteElo "2270"]
[BlackElo "2405"]
[Result "1-0"]
[Round "02"]
[TimeControl "180+2"]
[Date "2023.04.04"]
[WhiteClock "0:01:51"]
[BlackClock "0:00:11"]

1. e4 c6 2. d4 d5 3. e5 c5 4. c3 Nc6 5. Nf3 Bf5 6. Bd3 Bxd3 7. Qxd3 e6 8. O-O Qb6 9. a3 a5 10. Nbd2 Nh6 11. c4 Rd8 12. cxd5 Rxd5 13. Nc4 Qd8 14. Bxh6 gxh6 15. Ne3 Rd7 16. d5 exd5 17. Rad1 Rg8 18. Rfe1 Rg6 19. Nxd5 Nd4 20. Nf6+ Rxf6 21. exf6+ Ne6 22. Qb5 Qc7 23. Ne5 Bd6 24. Nxd7 Qxd7 25. Rxe6+ fxe6 26. f7+ 1-0


[Site "https://www.chess.com"]

[Event "Titled Tuesday Blitz April 4 Early 2023"]
[White "Hasangatin, Ramil"]
[Black "Tarasova, Viktoriya"]
[WhiteFideId "4122160"]
[BlackFideId "4175840"]
[WhiteElo "2275"]
[BlackElo "2182"]
[Result "1-0"]
[Round "02"]
[TimeControl "180+2"]
[Date "2023.04.04"]
[WhiteClock "0:00:54"]
[BlackClock "0:00:12"]

1. e4 e5 2. Nf3 Nc6 3. d4 exd4 4. Nxd4 Nf6 5. Nxc6 bxc6 6. e5 Qe7 7. Qe2 Nd5 8. c4 Nb6 9. g3 a5 10. Bg2 Qe6 11. Nd2 Bb4 12. O-O Bxd2 13. Bxd2 Nxc4 14. Bc3 Ba6 15. Rfe1 O-O 16. Rad1 a4 17. Qh5 Rab8 18. Bh3 Qg6 19. Qxg6 hxg6 20. Rxd7 Nxb2 21. Rxc7 Nd3 22. Rd1 Bb5 23. Bf1 Rfd8 24. e6 f6 25. e7 Rd5 26. Rb7 Re8 27. Rxb5 cxb5 28. Rxd3 Rxd3 29. Bxd3 Rxe7 30. Bxb5 Rc7 31. Bb4 Rb7 32. Bc4+ Kh7 33. a3 g5 34. Bd5 Rc7 35. Kg2 Kg6 36. Bf3 f5 37. Bd1 Ra7 38. Bc2 Kf6 39. Bc3+ Ke6 40. Bb4 g6 41. Bd2 g4 42. Bb4 Kd5 43. Bd3 Kd4 44. Bb5 Ke5 45. Be8 Kf6 46. Bc3+ Kg5 47. Be5 Kh6 48. Bf4+ Kg7 49. Bb5 Kf6 50. Be3 Ra5 51. Be8 g5 52. Bb6 Ra6 53. Bd8+ Ke6 54. Bxg5 Ra8 55. Bc6 Ra6 56. Bb5 Ra5 57. Bc4+ Ke5 58. Bd2 Rc5 59. Bf7 Rc2 60. Bf4+ Ke4 61. Be8 Ra2 62. Bd6 Rd2 63. Bb4 1-0


[Site "https://www.chess.com"]

[Event "Titled Tuesday Blitz April 4 Early 2023"]
[White "a-z30"]
[Black "Bolourchifard, Farzad"]
[BlackFideId "12510084"]
[WhiteElo "2404"]
[BlackElo "2317"]
[Result "1-0"]
[Round "02"]
[TimeControl "180+2"]
[Date "2023.04.04"]
[WhiteClock "0:00:23"]
[BlackClock "0:00:41"]

1. d3 e5 2. Nf3 Nc6 3. g3 d5 4. Bg2 Nf6 5. O-O Be7 6. Bg5 O-O 7. Nc3 Re8 8. Bxf6 Bxf6 9. e4 d4 10. Nd5 Be6 11. Re1 g6 12. c3 Bg7 13. cxd4 exd4 14. Rc1 Bxd5 15. exd5 Qxd5 16. Ne5 Qxa2 17. Nxc6 bxc6 18. Rxc6 Qxb2 19. Rxc7 Qb4 20. Re2 Rxe2 21. Qxe2 Qb1+ 22. Qf1 Rb8 23. Bd5 a5 24. Rxf7 Kh8 25. Ra7 Qc2 26. Qh3 1-0


[Site "https://www.chess.com"]

[Event "Titled Tuesday Blitz April 4 Early 2023"]
[White "Iliaguev, Nisim"]
[Black "Mazurkiewicz, Michal"]
[WhiteFideId "2817276"]
[BlackFideId "1124943"]
[WhiteElo "2241"]
[BlackElo "2054"]
[Result "1-0"]
[Round "02"]
[TimeControl "180+2"]
[Date "2023.04.04"]
[WhiteClock "0:00:21"]
[BlackClock "0:00:02"]

1. d4 Nf6 2. Nf3 g6 3. g3 Bg7 4. Bg2 O-O 5. O-O d6 6. b3 Nbd7 7. Bb2 Re8 8. c4 c6 9. Nc3 e5 10. dxe5 dxe5 11. Qc2 e4 12. Ng5 e3 13. f4 Nc5 14. Rad1 Qe7 15. b4 Bf5 16. Qc1 Nce4 17. Ncxe4 Nxe4 18. Bxg7 Kxg7 19. Nxe4 Bxe4 20. c5 Bxg2 21. Kxg2 Qe4+ 22. Rf3 Qxb4 23. Rxe3 Re4 24. a3 Qa4 25. Qc3+ Kg8 26. Rd7 Rae8 27. Qf6 Qc4 28. Rxe4 Qxe4+ 29. Kh3 Rf8 30. Re7 Qc4 31. Qe5 b5 32. Rxa7 Rd8 33. Rc7 h5 34. Rxc6 Qc2 35. Rd6 Rf8 36. c6 Rc8 37. Qxb5 Qe4 38. Qe5 Qh1 39. c7 Qf1+ 40. Kh4 Qg2 41. Rd8+ Kh7 42. Qh8# 1-0


[Site "https://www.chess.com"]

[Event "Titled Tuesday Blitz April 4 Early 2023"]
[White "Nazari, Arad"]
[Black "Mazibuko, Khanya"]
[WhiteFideId "12577324"]
[BlackFideId "14321041"]
[WhiteElo "2242"]
[BlackElo "1873"]
[Result "0-1"]
[Round "02"]
[TimeControl "180+2"]
[Date "2023.04.04"]
[WhiteClock "0:00:04"]
[BlackClock "0:00:15"]

1. e4 e5 2. f4 d5 3. exd5 exf4 4. Nf3 Nf6 5. Bb5+ c6 6. dxc6 Nxc6 7. Nc3 Bd6 8. Qe2+ Be6 9. Nd4 Qd7 10. Nxe6 Qxe6 11. Qxe6+ fxe6 12. b3 O-O-O 13. Bxc6 bxc6 14. Bb2 e5 15. O-O-O e4 16. Rhf1 Rhe8 17. Rde1 g5 18. Re2 Re6 19. Nd1 Nd5 20. Rfe1 Rde8 21. Nf2 e3 22. dxe3 Rxe3 23. Rxe3 fxe3 24. Ng4 h5 25. Nf6 Nxf6 26. Bxf6 g4 27. Bd4 e2 28. Kd2 Bf4+ 29. Kd3 Rd8 30. Kc4 Re8 31. Kd3 Bxh2 32. Rxe2 Rd8 33. Kc4 a6 34. Re6 Kc7 35. Re7+ Kc8 36. Rh7 Rd5 37. Rh6 Kd7 38. Rh7+ Ke6 39. a4 Kf5 40. b4 Ke4 41. Re7+ Kf4 42. Ra7 Rxd4+ 43. Kxd4 Bg1+ 0-1


[Site "https://www.chess.com"]

[Event "Titled Tuesday Blitz April 4 Early 2023"]
[White "De La Colina, Nicolas"]
[Black "Mohammed, Zozek Salah Mohammed"]
[WhiteFideId "30946921"]
[BlackFideId "4803361"]
[WhiteElo "2046"]
[BlackElo "2211"]
[Result "1-0"]
[Round "02"]
[TimeControl "180+2"]
[Date "2023.04.04"]
[WhiteClock "0:02:10"]
[BlackClock "0:02:50"]

1. Nf3 d5 2. c4 c6 3. e3 Nf6 4. Nc3 g6 5. d4 Bg7 6. Be2 O-O 7. O-O Nbd7 8. b3 Re8 9. Bb2 e5 10. dxe5 Nxe5 11. Nxe5 Rxe5 12. cxd5 Nxd5 13. e4 1-0


[Site "https://www.chess.com"]

[Event "Titled Tuesday Blitz April 4 Early 2023"]
[White "Kukreja, Sankalp"]
[Black "Prohaszka, Peter"]
[WhiteFideId "45027676"]
[BlackFideId "726265"]
[WhiteElo "2126"]
[BlackElo "2626"]
[Result "0-1"]
[Round "02"]
[TimeControl "180+2"]
[Date "2023.04.04"]
[WhiteClock "0:00:09"]
[BlackClock "0:00:41"]

1. e4 c6 2. d4 d5 3. exd5 cxd5 4. c4 Nf6 5. Nc3 Nc6 6. Nf3 Bg4 7. cxd5 Nxd5 8. Qb3 Bxf3 9. gxf3 Nb6 10. d5 Nd4 11. Bb5+ Nd7 12. Qa4 Nxb5 13. Qxb5 g6 14. Bf4 Bg7 15. d6 O-O 16. O-O exd6 17. Bxd6 Re8 18. Nd5 Ne5 19. Bxe5 Rxe5 20. Rad1 Qh4 21. Qxb7 Rf8 22. Qb4 Qg5+ 23. Qg4 Rxd5 24. h4 Qxg4+ 25. fxg4 Rxd1 26. Rxd1 Bxb2 27. Rb1 Bd4 28. Rb7 Kg7 29. Kf1 Rc8 30. Rd7 Bb6 31. Kg2 Rc2 0-1


[Site "https://www.chess.com"]

[Event "Titled Tuesday Blitz April 4 Early 2023"]
[White "Kosteniuk, Alexandra"]
[Black "Manukian, Artak"]
[WhiteFideId "4128125"]
[BlackFideId "13301373"]
[WhiteElo "2453"]
[BlackElo "2130"]
[Result "1-0"]
[Round "02"]
[TimeControl "180+2"]
[Date "2023.04.04"]
[WhiteClock "0:00:05"]
[BlackClock "0:00:01"]

1. d4 d5 2. Nf3 Nf6 3. g3 Bg4 4. Bg2 Nbd7 5. h3 Bxf3 6. exf3 e6 7. O-O c5 8. c3 Qb6 9. f4 g6 10. Re1 Bg7 11. dxc5 Qxc5 12. Be3 Qd6 13. Bd4 O-O 14. Nd2 Nc5 15. Qe2 Nfd7 16. Bxg7 Kxg7 17. b4 Na4 18. Rac1 Nab6 19. Qd3 Nf6 20. Qd4 Nd7 21. Nc4 Qc7 22. Ne5 Nxe5 23. fxe5 Ng8 24. c4 dxc4 25. Rxc4 Qb6 26. Qxb6 axb6 27. Re2 Rfc8 28. Rxc8 Rxc8 29. Bxb7 Rc4 30. Rb2 g5 31. a4 Ne7 32. Kg2 Ng6 33. a5 bxa5 34. bxa5 Ra4 35. Rb5 h5 36. Bc6 h4 37. Rc5 Ra3 38. Bf3 hxg3 39. fxg3 Ra2+ 40. Kf1 Ra1+ 41. Ke2 Ra2+ 42. Ke3 Ra3+ 43. Kf2 Ra2+ 44. Be2 Ne7 45. a6 Nf5 46. Rc4 Rxa6 47. h4 Ra5 48. Rg4 Rxe5 49. Rxg5+ Kf6 50. Rg8 Ne7 51. Ra8 Kg7 52. g4 Re4 53. Bf3 Rb4 54. Ra7 Nd5 55. h5 Nf4 56. g5 1-0


[Site "https://www.chess.com"]

[Event "Titled Tuesday Blitz April 4 Early 2023"]
[White "Ramirez Vido, Robert Yorisan"]
[Black "Salemgareev, Tagir"]
[WhiteFideId "3513823"]
[BlackFideId "24199052"]
[WhiteElo "2397"]
[BlackElo "2360"]
[Result "0-1"]
[Round "02"]
[TimeControl "180+2"]
[Date "2023.04.04"]
[WhiteClock "0:00:33"]
[BlackClock "0:00:23"]

1. f4 d5 2. Nf3 Bg4 3. e3 Nf6 4. Be2 e6 5. O-O Bd6 6. b3 O-O 7. Bb2 c5 8. Ne5 Bxe2 9. Qxe2 Ne8 10. d3 f6 11. Nf3 Nc6 12. Nbd2 Qd7 13. Rae1 b5 14. c4 Nc7 15. g3 a5 16. e4 d4 17. e5 fxe5 18. fxe5 Be7 19. Ne4 bxc4 20. bxc4 Rab8 21. Ba3 Na6 22. Nd6 Nab4 23. Bxb4 axb4 24. Nd2 Rxf1+ 25. Kxf1 Ra8 26. Nb3 Nxe5 27. Qxe5 Bxd6 28. Qxe6+ Qf7+ 29. Kg1 Rxa2 30. Qc8+ Bf8 31. Rf1 Qe7 32. Nxc5 Qxc5 33. Qxc5 Bxc5 0-1


[Site "https://www.chess.com"]

[Event "Titled Tuesday Blitz April 4 Early 2023"]
[White "Sieciechowicz, Marcin"]
[Black "Mika, Tomasz"]
[WhiteFideId "1130170"]
[BlackFideId "1132970"]
[WhiteElo "2302"]
[BlackElo "2179"]
[Result "1-0"]
[Round "02"]
[TimeControl "180+2"]
[Date "2023.04.04"]
[WhiteClock "0:00:58"]
[BlackClock "0:00:03"]

1. d4 d6 2. Nf3 Nf6 3. c4 g6 4. Nc3 Bg7 5. h3 O-O 6. Bf4 b6 7. e3 Bb7 8. Be2 Nbd7 9. O-O Re8 10. Bh2 e5 11. Rc1 Ne4 12. Nxe4 Bxe4 13. d5 Bxf3 14. Bxf3 f5 15. Be2 e4 16. Qc2 a5 17. b3 Be5 18. a3 Qf6 19. b4 Kg7 20. Rfd1 h5 21. c5 dxc5 22. Bb5 Bxh2+ 23. Kxh2 Qd6+ 24. Kg1 axb4 25. axb4 Re7 26. Bxd7 Rxd7 27. bxc5 bxc5 28. Qb2+ Kh7 29. Qb5 Rad8 30. Rxc5 Kh6 31. Rc6 Qe5 32. Re6 Qxe6 33. dxe6 Rxd1+ 34. Kh2 R8d5 35. Qe8 Rd8 36. Qf7 1-0


[Site "https://www.chess.com"]